← All builds
Suicide front / Armada / Factory first / OBSERVED BUILD

Standard suicide front

Armada Suicide front build order · Supreme Isthmus

The role's baseline: Bot Lab at 0:21 then straight into reclaim-fed T1 bot production to contest the middle and hold until T2 arrives, with an Advanced Metal Extractor around 9:45.

#rush · 2028 distinct matches · 233 players · 72% of Armada Suicide front games · team won 59% of 2406 · Recently observed

HOW TO PLAY IT

Key timing: Bot Lab by 0:20

  1. Open with mex and lab-first to get Bot Lab up by 0:20.
  2. Expand mex and wind while lab pumps units toward middle.
  3. Push Sentry and early Rocketeer, Centurion to contest middle.
  4. Get T2 constructor out once Pond's boost lets you spare metal.
  5. Upgrade mex to Advanced Metal Extractor as you transition off T1 spam.

Phase by phase

TYPICAL OF ITS 2028 GAMES
  1. 1
  2. 2
  3. 3
PLAY THE OPENING

Follow the example game's first 6:00 step by step: what to build now, what comes next, and where it goes. At 1× it keeps pace with your own game.

  1. 1

    Bot Lab first

    Order
    1. Bot LabBot Lab done ~0:24, middle half 0:20–0:33

    Some games also: mex (44%)

  2. 2

    Bot Lab to 5:00

    Economy
    • Metal Extractor5Mex
    • Wind Turbine4Wind
    Builders
    • Construction Bot3 Con bot
    • Lazarus2 Lazarus
    Army
    • Sentry4 Sentry
    • Rocketeer16 Rocketeer
    • Tick2 Tick
    • Centurion1 Centurion
    Other
    • Radar Tower1 Radar Tower

    Some games also: pawn (38%) · con turret (34%)

    By 5:00 in all: 5 mex · 4 wind

    The example game in this phase · 22 steps
    1. PawnPawn
    2. Wind
    3. PawnPawn ×4
    4. LazarusLazarus
    5. Construction BotCon bot
    6. LazarusLazarus
    7. CenturionCenturion
    8. Mex
    9. Wind
    10. CenturionCenturion
    11. LazarusLazarus
    12. CenturionCenturion
    13. TickTick
    14. BeamerBeamer
    15. TickTick
    16. RocketeerRocketeer ×5
    17. CenturionCenturion ×2
    18. Radar TowerRadar Tower
    19. LazarusLazarus ×3
    20. BeamerBeamer
    21. CenturionCenturion
    22. LazarusLazarus
  3. 3

    5:00 to 10:00

    Economy
    • Metal Extractor1Mex
    • Wind Turbine15Wind
    Builders
    • Construction Turret2 Con turret
    • Lazarus2 Lazarus
    • Construction Bot1 Con bot
    Army
    • Sentry1 Sentry
    • Rocketeer8 Rocketeer

    Some games also: pawn (49%) · Radar Tower (46%) · tick (45%) · centurion (44%) · energy storage (42%) · eat Bot Lab (31%)

    By 10:00 in all: 6 mex · 21 wind · 1 energy storage · 2 con turret

    The example game in this phase · 101 steps
    1. LazarusLazarus ×3
    2. Mex
    3. LazarusLazarus
    4. Construction BotCon bot ×2
    5. CenturionCenturion
    6. LazarusLazarus
    7. PawnPawn
    8. RocketeerRocketeer
    9. CenturionCenturion
    10. PawnPawn
    11. MaceMace
    12. PawnPawn
    13. RocketeerRocketeer
    14. PawnPawn ×2
    15. CenturionCenturion
    16. CrossbowCrossbow
    17. Mex
    18. PawnPawn ×5
    19. CrossbowCrossbow
    20. PawnPawn ×6
    21. Mex
    22. PawnPawn ×3
    23. Wind
    24. PawnPawn ×2
    25. Wind
    26. PawnPawn ×2
    27. LazarusLazarus
    28. Wind
    29. LazarusLazarus
    30. Wind
    31. LazarusLazarus ×2
    32. Wind
    33. Con turret
    34. LazarusLazarus
    35. Wind
    36. PawnPawn
    37. Radar TowerRadar Tower
    38. Mex
    39. Wind
    40. PawnPawn
    41. BlitzBlitz
    42. Wind
    43. PawnPawn
    44. Wind
    45. PawnPawn
    46. BlitzBlitz
    47. PawnPawn
    48. Sneaky PeteSneaky Pete
    49. Wind
    50. PawnPawn
    51. Wind
    52. PawnPawn
    53. Mex
    54. Wind
    55. PawnPawn
    56. TickTick
    57. Con turret
    58. Dragon's TeethDragon's Teeth ×2
    59. TickTick
    60. Dragon's TeethDragon's Teeth ×3
    61. TickTick
    62. SentrySentry
    63. TickTick
    64. SentrySentry
    65. Con turret
    66. TickTick ×3
    67. Wind
    68. TickTick
    69. Wind ×4
    70. Con turret
    71. Wind
    72. BeamerBeamer
    73. Wind ×6
    74. TickTick ×31
    75. BeamerBeamer
    76. TickTick ×5
    77. Advanced Metal ExtractorT2 mexdone 12:17 · typical 9:46
    78. TickTick ×11
    79. Advanced Metal ExtractorT2 mex
    80. TickTick ×3
    81. BeamerBeamer
    82. Dragon's TeethDragon's Teeth
    83. TickTick
    84. Dragon's TeethDragon's Teeth
    85. TickTick
    86. Dragon's TeethDragon's Teeth
    87. TickTick ×7
    88. Advanced Metal ExtractorT2 mex
    89. TickTick
    90. RattlesnakeRattlesnakedone 14:08
    91. TickTick ×2
    92. GuardGuard
    93. TickTick ×5
    94. Energy storage
    95. TickTick ×17
    96. VeilVeil
    97. TickTick
    98. BeamerBeamer
    99. TickTick ×3
    100. Construction BotCon bot ×3
    101. Advanced solar

Counts are medians over the build's games: half of them build more, half fewer. The example game is _Hawkey_'s (65 OS, 13/10/2026); pick another.

Team trades

IN AT LEAST 30% OF ITS GAMES

You hand over

Nothing regular.

You get

  • Tidal Generator4 Tidal from Pondfirst at 0:10 · in 68% of games
  • Advanced Construction Bot1 T2 con bot from Geo or Techfirst at 7:41 · in 57% of games

How it plays out

Typical game of this build, running totals by minute

Metal produced

010k20k
0:005:0010:0015:00

metal

Enemy metal destroyed

05k10k
0:005:0010:0015:00

metal

Own metal lost

05k10k
0:005:0010:0015:00

metal

2406 games.

Show as table
ByMetal produced: This buildEnemy metal destroyed: This buildOwn metal lost: This build
1:0023000
2:0088700
3:002008184130
4:003109645501
5:00418413531000
6:00534721831707
7:00654330512589
8:00776039363499
9:00904646894375
10:001041253125161
11:001188958585966
12:001357864076686
13:001539668767455
14:001729675048213
15:001925281069007
WHAT THE NUMBERS SAY

Standard Suicide front play wins a bit over half its games while taking the heaviest own losses of any role by 15:00.

  • + Produces 20142 metal by 15:00, highest of the front roles.
  • + First kill by 2:01 in all games, fastest contest of middle.
  • − Own metal lost hits 9178 by 15:00, more than enemy metal destroyed.
  • − Only 34% Rocketeer share shows army spread thin across many bot types.
THE EXAMPLE YOU ARE READING

_Hawkey_

65.3 OS · 13/10/2026

Open source match ↗

8 received units · includes a constructor
153 metal received · 48488 energy received

Allied construction assistance is unknown. Timings are observations, not a promise of solo reproducibility.

Typical milestones

Bot Lab0:24Middle 50%: 0:20–0:33 · n=2398
Advanced Metal Extractor9:46Middle 50%: 8:50–10:58 · n=1738

Played most by

_X_262games of this buildPlatinumBlonde188games of this buildXad166games of this buildTrapCaT109games of this buildSoliloqueur81games of this build